 Dungeon Crawl Stone Soup version 0.26-a0-737-g4e9f4955e2 (webtiles) character file.

Game seed: 11428140596189257916

54 Tatune the Grave Robber (level 3, -2/30 HPs)
             Began as a Deep Dwarf Necromancer on Nov 4, 2020.
             Slain by an adder (3 damage)
             ... on level 2 of the Dungeon.
             The game lasted 00:20:23 (1654 turns).

Tatune the Grave Robber (Deep Dwarf Necromancer)    Turns: 1654, Time: 00:20:23

Health: -2/30      AC:  2    Str: 11    XL:     3   Next: 66%
Magic:  2/5        EV: 13    Int: 16    God:
Gold:   62         SH:  0    Dex: 19    Spells: 5/6 levels left

rFire    . . .     SeeInvis .   b - +0 spear
rCold    . . .     Faith    .   (no shield)
rNeg     . . .     Spirit   .   a - +0 robe
rPois    .         Reflect  .   (no helmet)
rElec    .         Harm     .   (no cloak)
rCorr    .         Rampage  .   (no gloves)
MR       .....                  (no boots)
Stlth    +++.......             (no amulet)
HPRegen  0.00/turn              e - +6 ring of dexterity
MPRegen  0.09/turn              (no ring)

@: lethally poisoned (-2 -> -2), non-regenerating
A: damage resistance, heal wounds, sense surroundings 1, no regeneration
a: Heal Wounds


You were on level 2 of the Dungeon.
You visited 1 branch of the dungeon, and saw 2 of its levels.

You collected 62 gold pieces.

Inventory:

Hand Weapons
 b - a +0 spear (weapon)
Armour
 a - a +0 robe (worn)
 g - a cursed +0 chain mail
Jewellery
 e - a +6 ring of dexterity (left hand)
Scrolls
 c - a scroll of remove curse
 h - a scroll of fear
 i - a scroll of teleportation {unknown}
Potions
 d - a potion of curing {unknown}
 f - 2 potions of magic


   Skills:
 + Level 0.3 Fighting
 + Level 0.9 Polearms
 + Level 2.3 Dodging
 + Level 3.0 Stealth
 + Level 2.0 Spellcasting
 + Level 5.2 Necromancy


You had 5 spell levels left.
You knew the following spells:

 Your Spells              Type           Power        Failure   Level
a - Pain                  Necr           ###.         2%          1

Your spell library contained the following spells:

 Spells                   Type           Power        Failure   Level
 Animate Skeleton         Necr           ###...       2%          1
 Vampiric Draining        Necr           ###.......   7%          3
 Animate Dead             Necr           ###.......   24%         4
 Agony                    Necr           ###.....     54%         5


Dungeon Overview and Level Annotations

Branches:
Dungeon (2/15)

Altars:


Innate Abilities, Weirdness & Mutations

You are resistant to damage.
You can heal yourself by infusing magical energy.
You passively map a small area around you.
You do not regenerate.


Message History

You closely miss the adder.
The adder is moderately wounded.
The worm barely misses you. The adder closely misses you.
You barely miss the adder.
The adder is moderately wounded.
The adder bites you.
* * * LOW HITPOINT WARNING * * *
The worm closely misses you.
You hit the adder.
The adder is heavily wounded.
The adder closely misses you. The adder bites you. The worm closely misses you.
The adder bites you.
* * * LOW HITPOINT WARNING * * *
The adder bites you.
* * * LOW HITPOINT WARNING * * *
You are poisoned.
The adder poisons you! The adder bites you but does no damage.
The adder bites you.
You die...

,.......................
,
..#.#.....#.###........
.............#..####* *
, ......##..#.#.#......
, , ..#.........#.......
, ,, * .
#..#....######.########
, ,
#..+......#.<..........
##.#............####* ,#
* #.........@S..w.###.#
####..).......#.....# ,
* #.#.#.##...+.....# ,
#.#.#.####.#.....# *
#.#.#.# #.#..)..... *
#.#.#.# #.#......#. * *
#.#.####.#........ *
#.....<...†.$.#... * *
#.#.###.##......).


You could see a worm and an adder.

Vanquished Creatures
  An adder (D:2)
  An ooze (D:1)
  A worm (D:2)
  A dart slug (D:1)
  A leopard gecko (D:1)
  3 giant cockroaches (D:1)
  2 hobgoblins (D:1)
  2 jackals (D:1)
  A quokka (D:2)
  A ball python (D:1)
  5 bats (D:1)
  4 frilled lizards
  5 goblins
  4 kobolds
  3 rats
35 creatures vanquished.

Notes
Turn   | Place    | Note
-------+----------+-------------------------------------------
     0 | D:1      | Tatune the Deep Dwarf Necromancer began the quest for the
                  | Orb.
     0 | D:1      | Reached XP level 1. HP: 15/15 MP: 3/3
   775 | D:1      | Reached XP level 2. HP: 19/22 MP: 0/4
   956 | D:2      | Reached skill level 5 in Necromancy
   956 | D:2      | Reached XP level 3. HP: 12/28 MP: 2/4
  1650 | D:2      | HP: 1/30 [adder (2)]
  1654 | D:2      | Slain by an adder

Illustrated notes

Levels and vault maps discovered:
D:1:      sevenhm_arrival_forest_fort_small_3, layout_basic
D:2:      layout_basic, vehumet_crystals, fedhas_altar_1,
          minmay_misc_feat_plants

Skill      XL: |  1  2  3 |
---------------+----------+-----
Necromancy     | 5 |  5.2
Stealth        | 3 |  3.0
Spellcasting   | 2 |  2.0
Fighting       | |  0.3
Polearms       | |  0.9
Dodging        | |  2.3

Action                   || total
-------------------------++-------
Melee: Spear             ||   114
       Unarmed           ||     2
 Cast: Pain              ||    31
 Abil: Heal Wounds       ||     1
  Use: Scroll            ||     6
       Potion            ||     4
 Stab: Sleeping          ||     1
Armor: Robe              ||    24
Dodge: Dodged            ||   100

Table legend: (Time is in decaauts)
 A = Elapsed time spent in this place.
 B = Non-inter-level travel time spent in this place.
 C = Inter-level travel time spent in this place.
 D = Time resting spent in this place.
 E = Time spent auto-exploring this place.
 F = Levels seen in this place.
 G = Mean time per level.
                   A        B        C        D        E       F      G
               +--------+--------+--------+--------+--------+-----+--------+
         Total |   1662 |   1662 |      0 |    417 |      0 |   2 |  831.0 |
       Dungeon |   1662 |   1662 |      0 |    417 |      0 |   2 |  831.0 |
               +--------+--------+--------+--------+--------+-----+--------+

Top non-repeatable levels by time:
     D:1: 1458 daAuts
     D:2: 203 daAuts
